 Dungeon Crawl Stone Soup version 0.31-a0-574-g69dc8cc98e (webtiles) character file.

Game seed: 2111836069703652486

196 dialectric the Trooper (level 5, -1/42 HPs)
             Began as a Demonspawn Fighter on Aug 19, 2023.
             Was a Follower of Uskayaw.
             Slain by a gnoll
             ... wielding a +0 halberd
              (10 damage)
             ... on level 3 of the Dungeon.
             The game lasted 00:02:09 (1826 turns).

dialectric the Trooper (Demonspawn Fighter)         Turns: 1826, Time: 00:02:10

Health: -1/42      AC:  6    Str: 19    XL:     5   Next: 45%
Magic:  5/5        EV: 10    Int:  9    God:    Uskayaw [*.....]
Gold:   97         SH:  4    Dex: 12    Spells: 4/4 levels left

rFire   . . .        a - +0 long sword
rCold   . . .        (no shield)
rNeg    . . .        b - +0 scale mail
rPois   .            (no helmet)
rElec   .            (no cloak)
rCorr   .            (no gloves)
SInv    .            (no boots)
Will    .....        (no amulet) Stlth
                     (no ring)
HPRegen 1.27/turn    (no ring)
MPRegen 0.09/turn

%: no passive effects
@: no status effects
A: powered by death 2, condensation shield
a: Renounce Religion, Stomp


You were on level 3 of the Dungeon.
You worshipped Uskayaw.
Uskayaw was noncommittal.
You visited 1 branch of the dungeon, and saw 3 of its levels.

You collected 97 gold pieces.

Inventory:

Hand Weapons
 a - a +0 long sword (weapon)
 d - a +0 morningstar
Armour
 b - a +0 scale mail (worn)
 c - a +0 buckler
Talismans
 j - a serpent talisman
 n - a blade talisman
Scrolls
 e - a scroll of acquirement {unknown}
 l - a scroll of fog {unknown}
Potions
 f - 2 potions of enlightenment {unknown}
 g - 2 potions of haste {unknown}
 h - a potion of brilliance {unknown}
 i - 2 potions of heal wounds {unknown}
 k - a potion of resistance {unknown}
 m - a potion of mutation {unknown}


   Skills:
 + Level 3.9 Fighting
 + Level 3.5 Long Blades
 + Level 3.6 Armour
 + Level 1.3 Dodging
 - Level 2.6 Shields


You had 4 spell levels left.
You didn't know any spells.
Your spell library contained the following spells:

 Spells                   Type           Power      Damage    Failure   Level
 Ensorcelled Hibernation  Hex/Ice        0%         N/A       87%         2
 Passwall                 Tmut/Erth      0%         N/A       87%         2
 Swiftness                Air            0%         N/A       98%         3


Dungeon Overview and Level Annotations

Branches:
Dungeon (3/15)

Altars:
Uskayaw


Innate Abilities, Weirdness & Mutations

You regenerate health from kills.
A meltable shield of frost defends you. (SH +4)


Message History

The gnoll hits you with a +0 spear. The gnoll barely misses you.
The gnoll closely misses you. The gnoll hits you but does no damage.
The gnoll hits you but does no damage.
You feel a little less mighty now. You block the gnoll's attack.
You barely miss the gnoll.
The gnoll hits you from afar with a +0 halberd.
The gnoll hits you but does no damage.
You slash the gnoll!
The gnoll is heavily wounded.
You block the gnoll's attack. The gnoll hits you but does no damage.
The gnoll closely misses you.
You hit the gnoll.
The gnoll is severely wounded.
You block the gnoll's attack.
The gnoll hits you from afar with a +0 halberd.
The gnoll hits you with a +0 spear.
You hit the gnoll.
The gnoll is almost dead.
The gnoll barely misses you. You block the gnoll's attack.
Unknown command.
You hit the gnoll.
You kill the gnoll!
The gnoll hits you from afar with a +0 halberd!
You are too injured to fight recklessly!
The gnoll hits you with a +0 halberd!
* * * LOW HITPOINT WARNING * * *
The gnoll closely misses you.
You see here a +0 spear.
You closely miss the gnoll. The gnoll hits you with a +0 halberd.
* * * LOW HITPOINT WARNING * * *
The gnoll hits you from afar with a +0 spear.
* * * LOW HITPOINT WARNING * * *
You hit the gnoll.
The gnoll is moderately wounded.
You block the gnoll's attack.
The gnoll hits you from afar with a +0 spear.
* * * LOW HITPOINT WARNING * * *
The gnoll hits you with a +0 halberd!
You die...

..........#.##.#
..........#.##.#
..........#.##.######
..........#....##...######
..........[....##.........
...............##..†...# #
..........>.....gg..8.##..
....############g#...##...
.... #@#g.##..._ ###
#.#.##..... #.#g#......
#.#g'...### #.#.#..##..
#...##.# ##... ## #...
#...8


You could see 3 gnolls.

Vanquished Creatures
  An orc priest (D:3)
  An orc wizard (D:3)
  Natasha (twice) (D:2)
  A gnoll (D:3)
  4 adders
  A dart slug (D:2)
  4 orcs (D:3)
  4 endoplasms
  4 goblins
  A hobgoblin (D:1)
  A quokka (D:1)
  5 ball pythons
  6 bats
  2 frilled lizards
  3 kobolds
  5 rats
45 creatures vanquished.

Notes
Turn   | Place    | Note
-------+----------+-------------------------------------------
     0 | D:1      | dialectric the Demonspawn Fighter began the quest for the
                  | Orb.
     0 | D:1      | Reached XP level 1. HP: 18/18 MP: 1/1
   430 | D:1      | Gained mutation: A meltable shield of frost defends you.
                  | (SH +4) [demonic ancestry]
   430 | D:1      | Reached XP level 2. HP: 21/24 MP: 2/2
   758 | D:2      | Found a faded altar of an unknown god.
   764 | D:2      | Prayed at the altar of an unknown god.
   764 | D:2      | Became a worshipper of Uskayaw the Reveller
   764 | D:2      | Reached * piety under Uskayaw
   794 | D:2      | Reached ** piety under Uskayaw
   909 | D:2      | Noticed Natasha
   927 | D:1      | Gained mutation: You regenerate a little health from kills.
                  | [demonic ancestry]
   927 | D:1      | Reached XP level 3. HP: 14/29 MP: 3/3
   996 | D:2      | Killed Natasha
  1090 | D:2      | Gained mutation: You regenerate health from kills. [demonic
                  | ancestry]
  1090 | D:2      | Reached XP level 4. HP: 35/35 MP: 4/4
  1291 | D:2      | Reached skill level 1 in Dodging
  1305 | D:2      | Noticed Natasha
  1312 | D:2      | Killed Natasha
  1751 | D:3      | Reached XP level 5. HP: 34/42 MP: 5/5
  1751 | D:3      | Reached *** piety under Uskayaw
  1753 | D:3      | Reached **** piety under Uskayaw
  1803 | D:3      | Found a faded altar of an unknown god.
  1826 | D:3      | Slain by a gnoll

Illustrated notes

Levels and vault maps discovered:
D:1:      dpeg_arrival_shrine, layout_loops_cross
D:2:      wad_crossroads, layout_basic, hellmonk_ecumenical_altar_heavens_door,
          uniq_natasha
D:3:      layout_basic, nicolae_overflow_ecumenical_swirl,
          uniq_crazy_yiuf_cottage

Skill      XL: |  1  2  3  4 |
---------------+-------------+-----
Armour         | 3 |  3.6
Long Blades    | 2 3 |  3.5
Dodging        | 1 |  1.3
Fighting       | |  3.9
Shields        | |  2.6

Action                     |  1- 3 |  4- 6 || total
---------------------------+-------+-------++-------
  Melee: Long sword        |    95 |    84 ||   179
         Punch             |     1 |       ||     1
 Invoke: Stomp             |       |     1 ||     1
    Use: Potion            |       |     1 ||     1
   Stab: Paralysed         |       |     1 ||     1
 Armour: Scale mail        |    49 |    53 ||   102
  Dodge: Dodged            |    59 |    56 ||   115
  Block: Other             |    13 |    21 ||    34

Table legend: (Time is in decaauts)
 A = Elapsed time spent in this place.
 B = Non-inter-level travel time spent in this place.
 C = Inter-level travel time spent in this place.
 D = Time resting spent in this place.
 E = Time spent auto-exploring this place.
 F = Levels seen in this place.
 G = Mean time per level.
                   A        B        C        D        E       F      G
               +--------+--------+--------+--------+--------+-----+--------+
         Total |   1882 |   1861 |     21 |     61 |   1298 |   3 |  627.3 |
       Dungeon |   1882 |   1861 |     21 |     61 |   1298 |   3 |  627.3 |
               +--------+--------+--------+--------+--------+-----+--------+

Top non-repeatable levels by time:
     D:2: 781 daAuts
     D:1: 738 daAuts
     D:3: 362 daAuts
